 Dungeon Crawl Stone Soup version 0.27.1-1-g398f81649c (webtiles) character file.

Game seed: 17017052016595644173

844 Descartes the Covert (level 7, 0/35 HPs)
             Began as a Spriggan Delver on Sept 18, 2021.
             Splashed by a jelly's acid (2 damage)
             ... on level 5 of the Dungeon.
             The game lasted 00:13:48 (7140 turns).

Descartes the Covert (Spriggan Delver)              Turns: 7140, Time: 00:13:49

Health: 0/35       AC: -2    Str: 10    XL:     7   Next: 68%
Magic:  8/8        EV: 19    Int: 12    God:
Gold:   357        SH:  6    Dex: 16    Spells: 6/6 levels left

rFire    . . .     SeeInvis +   p - +2 dagger (venom)
rCold    . . .     Faith    .   v - +0 buckler
rNeg     . . .     Spirit   .   b - +0 robe
rPois    .         Reflect  .   (helmet restricted)
rElec    .         Harm     .   C - scarf {repulsion}
rCorr    .         Rampage  .   (gloves unavailable)
Will     +....                  (boots unavailable)
Stlth    ++++......             q - amulet of the acrobat
HPRegen  0.11/turn              (no ring)
MPRegen  0.11/turn              (no ring)

@: corroded, repel missiles, very quick
A: very small, no large weapons, unfitting armour, see invisible, speed 3
a: no special abilities


You were on level 5 of the Dungeon.
You visited 1 branch of the dungeon, and saw 5 of its levels.

You collected 455 gold pieces.
You spent 98 gold pieces at shops.

Inventory:

Hand Weapons
 a - a +3 hunting sling
 j - a +0 shortbow
 l - a +1 dagger of holy wrath
 p - a +2 dagger of venom (weapon)
Missiles
 k - 98 arrows
 t - 129 stones (quivered)
 y - 6 sling bullets
 E - 3 poisoned darts
Armour
 b - a +0 robe (worn)
 v - a +0 buckler (worn)
 C - a scarf of repulsion (worn)
Jewellery
 q - an amulet of the acrobat (around neck)
Wands
 g - a wand of digging (3)
 h - a wand of iceblast (1)
 D - a wand of charming (4)
Scrolls
 c - a scroll of fog
 d - a scroll of magic mapping
 e - 2 scrolls of fear
 m - a scroll of enchant armour {unknown}
 n - 4 scrolls of blinking
 o - a scroll of holy word {unknown}
 r - a scroll of immolation {unknown}
 w - a scroll of teleportation
 A - a scroll of acquirement {unknown}
 B - a scroll of brand weapon {unknown}
 F - a scroll of identify
Potions
 f - 3 potions of haste
 i - a potion of cancellation
 s - a potion of lignification
 u - a potion of attraction
 x - 2 potions of brilliance
 z - 3 potions of curing {unknown}
 G - a potion of mutation {unknown}


   Skills:
 - Level 2.4 Fighting
 + Level 4.9 Short Blades
 + Level 5.9 Dodging
 + Level 9.6 Stealth
 + Level 2.1 Shields
 - Level 5.0 Evocations


You had 6 spell levels left.
You didn't know any spells.
Your spell library was empty.

Dungeon Overview and Level Annotations

Branches:
Dungeon (5/15)
 Temple: D:4-7

Altars:
Makhleb
Trog

Shops:
D:1 ?   D:4 *

Annotations:
D:2 Sigmund
D:3 martbhell's ghost, amateur OpTm


Innate Abilities, Weirdness & Mutations

You are very small and have problems with some larger weapons.
You are too small for most types of armour.
You have supernaturally acute eyesight. (SInv)
You cover ground extremely quickly. (Speed+++)


Message History

You see here a +0 mace.
You enter the shallow water.
Moving in this stuff is going to be slow.
You open the door.
Found a burning altar of Makhleb.
You enter the shallow water.
Moving in this stuff is going to be slow.
A jelly is nearby!
Found a stone staircase leading up.
The jelly quivers.
You hit the jelly.
Your hands burn!
The jelly is lightly wounded.
You hit the jelly.
Your hands burn!
The jelly is heavily wounded.
The jelly closely misses you.
You hit the jelly. The acid corrodes you!
Your hands burn!
The jelly is severely wounded.
The jelly misses you.
You hit the jelly.
Your hands burn!
The jelly is almost dead.
The jelly hits you.
You are splashed with acid!
You are too injured to fight recklessly!
You are too injured to fight recklessly!
You are too injured to fight recklessly!
You are too injured to fight recklessly!
You are too injured to fight recklessly!
You are too injured to fight recklessly!
You are too injured to fight recklessly!
You are too injured to fight recklessly!
You are too injured to fight recklessly!
You are too injured to fight recklessly!
You are too injured to fight recklessly!
You hit the jelly but do no damage.
Your hands burn!
The jelly is almost dead.
The jelly hits you.
* * * LOW HITPOINT WARNING * * *
You are splashed with acid!
* * * LOW HITPOINT WARNING * * *
You hit the jelly.
The jelly is poisoned.
Your hands burn!
You die...

..............
#.###...# #..#
######.####### #.#
##..# ##..#
#.####### #.# #..#
##...##
######........ ...
...####......
.)...).####### ..<
..............
.####### #.#
##########.... .#
#.# #.... .# #J#
#..#. .# #@# #..#.
## #####.# #..#.
#≈≈≈≈≈# ####....
#≈###≈# #....#..
###########≈#_#≈#
##'###.#
##.....>....≈#'#≈#
##...##.#
...##.####..≈≈.≈≈#
##.....### #...#.#
#.....###
#.......## ..)...#
#.#####
#...#.#...#


You could see a jelly (very poisoned).

Vanquished Creatures
  An ice beast (D:5)
  2 ogres
  2 centaurs (D:5)
  A phantom (D:4)
  A scorpion (D:5)
  A centaur zombie (D:5)
  An orc wizard (D:5)
  An iguana (D:4)
  Robin (D:2)
  A howler monkey zombie (D:5)
  7 gnolls
  3 adders (D:2)
  An adder skeleton (D:4)
  2 worms (D:4)
  5 orcs
  6 ball pythons
  8 endoplasms
  3 giant cockroaches
  12 goblins
  9 hobgoblins
  2 jackals
  A quokka (D:1)
  6 bats
  4 frilled lizards
  8 kobolds
  7 rats
96 creatures vanquished.

Vanquished Creatures (others)
  10 fungi (D:4)
  3 toadstools (D:4)
13 creatures vanquished.

Grand Total: 109 creatures vanquished

Notes
Turn   | Place    | Note
-------+----------+-------------------------------------------
     0 | D:5      | Descartes the Spriggan Delver began the quest for the Orb.
     0 | D:5      | Reached XP level 1. HP: 11/11 MP: 2/2
     6 | D:5      | Noticed an ice beast
    14 | D:5      | Noticed a centaur
    18 | D:5      | Killed a centaur
    19 | D:5      | Reached XP level 2. HP: 16/16 MP: 3/3
    19 | D:5      | Reached XP level 3. HP: 19/19 MP: 4/4
    19 | D:5      | Reached XP level 4. HP: 23/23 MP: 5/5
    47 | D:5      | Reached skill level 8 in Stealth
    65 | D:5      | Noticed an ogre
   126 | D:5      | Noticed a scorpion
   134 | D:5      | Killed a scorpion
   135 | D:5      | Reached XP level 5. HP: 18/27 MP: 6/6
   627 | D:4      | Found Mobarphy's CLEARANCE SALE! EVERYTHING MUST GO!.
   773 | D:3      | Found a runed translucent door.
   848 | D:2      | Noticed Sigmund
  2145 | D:1      | Found Kago's Magic Scroll Shop.
  2153 | D:1      | Bought a scroll of identify for 28 gold pieces
  2153 | D:1      | Bought a scroll of identify for 28 gold pieces
  2153 | D:1      | Bought a scroll of teleportation for 42 gold pieces
  2501 | D:2      | Found a faded altar of an unknown god.
  3120 | D:2      | Noticed Robin
  3437 | D:2      | Killed Robin
  3673 | D:2      | Reached XP level 6. HP: 29/32 MP: 7/7
  4056 | D:3      | Found a bloodstained altar of Trog.
  4439 | D:3      | Noticed martbhell's ghost (amateur OpTm)
  4644 | D:4      | Reached skill level 1 in Shields
  5019 | D:4      | Reached skill level 5 in Dodging
  5019 | D:4      | Reached skill level 9 in Stealth
  5598 | D:5      | Reached XP level 7. HP: 17/35 MP: 8/8
  6756 | D:5      | Reached skill level 5 in Evocations
  7126 | D:5      | Found a burning altar of Makhleb.
  7140 | D:5      | Splashed by a jelly's acid

Illustrated notes

Levels and vault maps discovered:
D:1:      dpeg_arrival_simpleton_c, layout_loops_ring, serial_shops,
          nicolae_shop_crystal, serial_bayou_pond_d, minmay_pentomino_z2
D:2:      layout_basic, shapermc_ecumenical_altar_mp_highgroup,
          chequers_serial_rivers_micro_d, uniq_sigmund, uniq_robin
D:3:      layout_rooms, amcnicky_altar_gilded, ebering_ghost_reflecting_pool
D:4:      layout_basic, chequers_mini_garden, minmay_gold_behind_fungi,
          nicolae_shop_clearance
D:5:      layout_loops_ring, kennysheep_mini_moat, minmay_misc_feat_enclosed,
          kennysheep_diamond

Skill      XL: |  1  2  3  4  5  6  7 |
---------------+----------------------+-----
Short Blades   | 3 4 |  4.9
Dodging        | 3 4 5 |  5.9
Evocations     | 2 3 4 5 |  5.0
Stealth        | 8 9 |  9.6
Shields        | 1 2 |  2.1
Fighting       | |  2.4

Action                   |  1- 3 |  4- 6 |  7- 9 || total
-------------------------+-------+-------+-------++-------
Melee: Short sword       |     1 |     2 |       ||     3
       Dagger            |       |   360 |    91 ||   451
 Fire: Shortbow          |       |    21 |       ||    21
Evoke: Wand              |       |     2 |       ||     2
  Use: Scroll            |       |     5 |       ||     5
 Stab: Sleeping          |     1 |    32 |       ||    33
Armor: Robe              |       |    12 |     5 ||    17
Dodge: Dodged            |       |   247 |    63 ||   310
       Repelled          |       |     1 |       ||     1
Block: Buckler           |       |    42 |    22 ||    64
